 Dungeon Crawl Stone Soup version 0.25-a0-366-g516bc45ae0 (webtiles) character file.

Game seed: 11846554742224480114, levelgen mode: deterministic

151 MrRokkomies the Firebug (level 5, -2/28 HPs)
             Began as a Deep Elf Fire Elementalist on Jan 6, 2020.
             Killed by divine providence
             ... invoked by an orc priest
              (13 damage)
             ... on level 3 of the Dungeon.
             The game lasted 00:08:28 (3319 turns).

MrRokkomies the Firebug (DEFE)                      Turns: 3319, Time: 00:08:29

Health: -2/28      AC:  3    Str:  6    XL:     5   Next: 10%
Magic:  20/20      EV: 15    Int: 20    God:
Gold:   75         SH:  0    Dex: 15    Spells: 3/10 levels left

rFire    . . .     SeeInvis .   h - +0 dagger (venom)
rCold    . . .     Gourm    .   (no shield)
rNeg     . . .     Faith    .   a - +0 robe
rPois    .         Spirit   .   (no helmet)
rElec    .         Reflect  .   (no cloak)
rCorr    .         Harm     .   (no gloves)
MR       .....                  o - +0 pair of boots
Stlth    ++........             (no amulet)
HPRegen  0.09/turn              p - +1 ring of evasion
MPRegen  0.17/turn              i - ring of magical power

@: no status effects
A: no striking features
a: no special abilities


You were on level 3 of the Dungeon.
You were not hungry.

You visited 1 branch of the dungeon, and saw 3 of its levels.

You collected 75 gold pieces.

Inventory:

Hand Weapons
 h - a +0 dagger of venom (weapon)
 n - a +2 hunting sling of flaming
Missiles
 b - 2 poisoned darts (quivered)
 q - 21 sling bullets
Armour
 a - a +0 robe (worn)
 o - a +0 pair of boots (worn)
Jewellery
 i - a ring of magical power (right hand)
 p - a +1 ring of evasion (left hand)
Wands
 r - a wand of paralysis (11)
Scrolls
 j - a scroll of magic mapping {unknown}
 s - a scroll of teleportation
 t - a scroll of identify
Potions
 d - a potion of haste {unknown}
 e - a potion of ambrosia {unknown}
 f - 2 potions of might {unknown}
 g - 3 potions of heal wounds
 k - a potion of brilliance {unknown}
 l - a potion of resistance {unknown}
 m - 2 potions of degeneration {unknown}
Comestibles
 c - 5 rations


   Skills:
 + Level 3.4 Dodging
 - Level 2.4 Stealth
 - Level 3.0 Spellcasting
 * Level 3.6 Conjurations
 * Level 4.7 Fire Magic


You had 3 spell levels left.
You knew the following spells:

 Your Spells              Type           Power        Failure   Level  Hunger
a - Foxfire               Conj/Fire      ###.         2%          1    None
b - Conjure Flame         Conj/Fire      ###.....     8%          3    ###....
c - Inner Flame           Hex/Fire       ##......     16%         3    ###....

Your spell library contained the following spells:

 Spells                   Type           Power        Failure   Level  Hunger
 Sticky Flame             Conj/Fire      ###.....     26%         4    ####...
 Fireball                 Conj/Fire      ###.......   56%         5    ######.


Dungeon Overview and Level Annotations

Branches:
Dungeon (3/15)

Altars:


Message History

Pain shoots through your body!
You hit the orc priest.
The orc priest is moderately wounded.
The orc priest closely misses you.
You hit the orc priest but do no damage.
The orc priest is moderately wounded.
The orc priest hits you with a +0 short sword.
You hit the orc priest.
The orc priest is moderately wounded.
The orc priest hits you but does no damage.
You hit the orc priest.
The orc priest looks as sick as possible!
The orc priest is heavily wounded.
The orc priest hits you with a +0 short sword.
You hit the orc priest but do no damage.
The orc priest looks as sick as possible!
The orc priest is severely wounded.
The orc priest mumbles some strange prayers to Beogh against you.
Beogh smites you!
You die...

### #.. #.# #.#
#.#####.. ....#
#@....(.. ....####
#o#####.# #.#....)
#<#####.###.#.....
#...........#.####
#(#####.....#.####
##.## #..........#
####..(####...........
#....().[....o..#.##.#
#.##...###............


You could see an orc priest.

Vanquished Creatures
  Jessica (D:2)
  Terence (D:2)
  A gnoll (D:1)
  2 oozes
  3 dart slugs
  A leopard gecko (D:2)
  2 orcs (D:3)
  4 giant cockroaches
  6 goblins
  11 hobgoblins
  6 jackals (D:1)
  12 kobolds
  2 ball pythons
  5 bats
  2 frilled lizards (D:1)
  13 rats
72 creatures vanquished.

Vanquished Creatures (others)
  56 foxfires
56 creatures vanquished.

Grand Total: 128 creatures vanquished

Notes
Turn   | Place    | Note
-------+----------+-------------------------------------------
     0 | D:1      | MrRokkomies the Deep Elf Fire Elementalist began the quest
                  | for the Orb.
     0 | D:1      | Reached XP level 1. HP: 10/10 MP: 6/6
   138 | D:1      | Reached XP level 2. HP: 9/15 MP: 5/8
   603 | D:1      | Reached XP level 3. HP: 11/19 MP: 9/9
   771 | D:1      | Reached skill level 4 in Fire Magic
  1269 | D:1      | Learned a level 3 spell: Conjure Flame
  1273 | D:1      | Learned a level 3 spell: Inner Flame
  1434 | D:2      | Noticed Jessica
  1446 | D:2      | Killed Jessica
  1446 | D:2      | Reached XP level 4. HP: 11/24 MP: 10/10
  1930 | D:2      | Noticed Terence
  1951 | D:2      | Killed Terence
  2765 | D:3      | Reached XP level 5. HP: 24/28 MP: 11/11
  3319 | D:3      | Killed from afar by an orc priest

Levels and vault maps discovered:
D:1:      mrwooster_arrival_statue, layout_basic
D:2:      layout_basic, first_ration, hangedman_abyss_or_decor_lesser_grid,
          uniq_terence, uniq_jessica
D:3:      layout_loops_ring, chequers_serial_rivers_small_a

Skill      XL: |  1  2  3 |
---------------+----------+-----
Conjurations   | 2 3 |  3.6
Dodging        | 3 |  3.4
Fire Magic     | 4 |  4.7
Stealth        | |  2.4
Spellcasting   | |  3.0

Action                   |  1- 3 |  4- 6 || total
-------------------------+-------+-------++-------
Melee: Unarmed           |     3 |       ||     3
       Dagger            |    63 |    91 ||   154
       Short sword       |     1 |       ||     1
Throw: Dart              |    23 |    17 ||    40
 Cast: Foxfire           |    26 |     7 ||    33
  Use: Scroll            |     1 |     3 ||     4
 Stab: Sleeping          |     4 |     4 ||     8
  Eat: Chunk             |     1 |     2 ||     3
       Ration            |       |     2 ||     2
Armor: Robe              |     4 |    16 ||    20
Dodge: Dodged            |    52 |    69 ||   121

Table legend:
 A = Non-vault XP
 B = Vault XP
 C = Vault XP percentage of total XP
 D = Non-vault monster count
 E = Vault monster count
 F = Vault count percentage of total count
                 A         B        C        D         E       F
            +---------+---------+-------+---------+---------+-------
      Total |     143 |      73 |  33.8 |      70 |       2 |   2.8
            +---------+---------+-------+---------+---------+-------
        D:1 |      84 |       0 |   0.0 |      38 |       0 |   0.0
        D:2 |      32 |      73 |  69.5 |      18 |       2 |  10.0
        D:3 |      27 |       0 |   0.0 |      14 |       0 |   0.0
            +---------+---------+-------+---------+---------+-------
